General information
- name: BNet
- type: Ladder team game (AT/RT)
- host: Battle.net
- saver: LastManStanding
map: MarketSquare
- players: 8
- length: 47:41
- speed: Fast
- version: 1.26 W3XP
- replay type: Public
» download(298 KB)
Players
team 1 (loser)
exalted_angel (
blue | 80 APM | 1321 actions | 16:29)
3 Tauren Chieftain
2 Shockwave
1 Endurance Aura
» actions
| Assign group hotkey | 64 | |
| Basic commands | 105 | |
| Build / train | 50 | |
| ESC pressed | 1 | |
| Enter build submenu | 13 | |
| Enter hero's abilities submenu | 3 | |
| Right click | 486 | |
| Select / deselect | 241 | |
| Select group hotkey | 329 | |
| Use ability | 29 | |
1321 total
» units
| Peon | 10 | |
| Troll Headhunter/Berserker | 17 | |
| Demolisher | 4 | |
31 total
» upgrades
| Ranged Weapons | 2 | |
| Armor | 2 | |
| Troll Regeneration | 1 | |
5 total
» buildings
| Altar of Storms | 1 | |
| Orc Burrow | 7 | |
| War Mill | 1 | |
| Barracks | 2 | |
| Stronghold | 2 | |
| Watch Tower | 2 | |
| Fortress | 2 | |
17 total
» build order
00:08 Altar of Storms
00:12 Orc Burrow
01:10 War Mill
01:29 Orc Burrow
02:12 Barracks
02:13 Barracks
03:02 Orc Burrow
05:16 Orc Burrow
07:12 Stronghold
07:12 Stronghold
08:30 Orc Burrow
10:27 Orc Burrow
10:34 Orc Burrow
10:52 Watch Tower
10:59 Watch Tower
14:42 Fortress
14:43 Fortress
» items

»
magpis (
yellow | 122 APM | 2311 actions | 18:58)
4 Archmage
2 Summon Water Elemental
2 Blizzard
3 Mountain King
2 Storm Bolt
1 Thunder Clap
» actions
| Assign group hotkey | 51 | |
| Build / train | 109 | |
| Enter build submenu | 27 | |
| Enter hero's abilities submenu | 8 | |
| Right click | 808 | |
| Select / deselect | 358 | |
| Select group hotkey | 889 | |
| Use ability | 61 | |
2311 total
» units
| Peasant | 18 | |
| Footman | 10 | |
| Knight | 8 | |
| Acolyte | 4 | |
40 total
» upgrades
| Lumber Harvesting | 2 | |
| Swords | 3 | |
| Plating | 3 | |
| Animal War Training | 1 | |
9 total
» buildings
| Altar of Kings | 1 | |
| Farm | 12 | |
| Barracks | 2 | |
| Lumber Mill | 1 | |
| Keep | 2 | |
| Town Hall | 1 | |
| Blacksmith | 1 | |
| Castle | 3 | |
| Scout Tower | 6 | |
| Guard Tower | 13 | |
| Arcane Vault | 1 | |
43 total
» build order
00:15 Altar of Kings
00:18 Farm
01:01 Barracks
01:19 Farm
01:44 Lumber Mill
02:02 Barracks
03:01 Farm
03:14 Keep
03:15 Keep
03:46 Farm
05:14 Town Hall
05:27 Blacksmith
06:49 Castle
06:49 Castle
08:22 Farm
09:07 Farm
10:23 Farm
10:33 Scout Tower
11:16 Farm
11:21 Scout Tower
11:22 Guard Tower
11:23 Guard Tower
11:56 Farm
12:04 Scout Tower
12:07 Guard Tower
12:07 Guard Tower
12:39 Farm
12:50 Scout Tower
12:51 Guard Tower
12:52 Guard Tower
14:18 Arcane Vault
14:21 Scout Tower
14:22 Guard Tower
15:19 Scout Tower
15:20 Guard Tower
15:20 Guard Tower
15:30 Farm
16:14 Farm
» items
| Scroll of Town Portal | 3 | |
| Orb of Corruption | 1 | |
| Potion of Lesser Invulnerability | 1 | |
| Scroll of Regeneration | 1 | |
6 total
BoseYTM (
green | 82 APM | 1366 actions | 16:42)
3 Death Knight
2 Death Coil
1 Unholy Aura
» actions
| Assign group hotkey | 25 | |
| Basic commands | 72 | |
| Build / train | 34 | |
| Enter build submenu | 15 | |
| Enter hero's abilities submenu | 3 | |
| Right click | 796 | |
| Select / deselect | 173 | |
| Select group hotkey | 224 | |
| Use ability | 24 | |
1366 total
» units
| Acolyte | 10 | |
| Ghoul | 3 | |
| Crypt Fiend | 6 | |
| Necromancer | 2 | |
21 total
» upgrades
| Web | 1 | |
| Skeletal Longevity | 1 | |
| Necromancer Training | 1 | |
| Unholy Strength | 1 | |
4 total
» buildings
| Altar of Darkness | 1 | |
| Graveyard | 1 | |
| Ziggurat | 5 | |
| Crypt | 2 | |
| Spirit Tower | 3 | |
| Halls of the Dead | 1 | |
| Temple of the Damned | 2 | |
| Tomb of Relics | 1 | |
| Black Citadel | 1 | |
| Sacrificial Pit | 1 | |
18 total
» build order
01:22 Altar of Darkness
01:31 Graveyard
01:54 Ziggurat
02:15 Crypt
02:54 Spirit Tower
04:14 Ziggurat
04:45 Ziggurat
05:02 Halls of the Dead
05:44 Crypt
06:00 Spirit Tower
07:55 Temple of the Damned
07:57 Temple of the Damned
08:07 Tomb of Relics
09:41 Ziggurat
10:33 Ziggurat
10:35 Spirit Tower
11:48 Black Citadel
15:11 Sacrificial Pit
EricClaptonGosu (
teal | 60 APM | 2881 actions | 47:41)
10 Blademaster
3 Wind Walk
3 Critical Strike
1 Bladestorm
3 Mirror Image
2 Death Knight
1 Unholy Aura
1 Death Coil
» actions
| Assign group hotkey | 108 | |
| Basic commands | 33 | |
| Build / train | 64 | |
| Enter build submenu | 37 | |
| Enter hero's abilities submenu | 12 | |
| Give item / drop item | 6 | |
| Right click | 1765 | |
| Select / deselect | 316 | |
| Select group hotkey | 329 | |
| Use ability | 211 | |
2881 total
» units
| Peon | 22 | |
| Grunt | 4 | |
| Wind Rider | 2 | |
| Troll Witch Doctor | 2 | |
| Troll Batrider | 6 | |
36 total
» upgrades
| Spiked Barricades | 1 | |
| Ranged Weapons | 2 | |
| Troll Regeneration | 1 | |
| Armor | 1 | |
5 total
» buildings
| Orc Burrow | 5 | |
| Altar of Storms | 1 | |
| Barracks | 1 | |
| Voodoo Lounge | 1 | |
| Stronghold | 2 | |
| War Mill | 2 | |
| Watch Tower | 19 | |
| Great Hall | 2 | |
| Fortress | 2 | |
| Beastiary | 3 | |
| Spirit Lodge | 1 | |
39 total
» build order
00:10 Orc Burrow
00:58 Altar of Storms
01:00 Barracks
01:22 Orc Burrow
02:06 Voodoo Lounge
03:10 Stronghold
03:30 War Mill
04:57 Watch Tower
04:58 Watch Tower
05:29 Great Hall
05:34 Watch Tower
05:34 Watch Tower
05:43 Watch Tower
05:59 Orc Burrow
08:40 Watch Tower
08:40 Watch Tower
08:41 Watch Tower
08:43 Watch Tower
10:32 Fortress
10:37 Watch Tower
10:37 Watch Tower
10:37 Watch Tower
10:40 Watch Tower
10:42 Watch Tower
10:44 Watch Tower
11:31 Beastiary
11:33 Beastiary
13:51 Spirit Lodge
13:56 War Mill
15:30 Orc Burrow
15:31 Orc Burrow
16:50 Great Hall
16:56 Watch Tower
16:56 Watch Tower
16:57 Watch Tower
16:57 Watch Tower
19:31 Stronghold
21:52 Fortress
» items
| Healing Salve | 2 | |
| Boots of Speed | 1 | |
| Staff of Teleportation | 1 | |
| Periapt of Vitality | 1 | |
| Scroll of Town Portal | 1 | |
6 total
team 2 (winner)
SyNr (
purple | 54 APM | 1645 actions | 30:12)
4 Keeper of the Grove
2 Force of Nature
2 Entangling Roots
4 Priestess of the Moon
2 Trueshot Aura
2 Searing Arrows
2 Firelord
1 Summon Lava Spawn
1 Soul Burn
» actions
| Assign group hotkey | 9 | |
| Basic commands | 113 | |
| Build / train | 103 | |
| Enter build submenu | 28 | |
| Enter hero's abilities submenu | 10 | |
| Give item / drop item | 2 | |
| Right click | 431 | |
| Select / deselect | 365 | |
| Select group hotkey | 484 | |
| Use ability | 100 | |
1645 total
» units
| Wisp | 38 | |
| Archer | 8 | |
| Chimaera | 14 | |
| Hippogryph | 8 | |
68 total
» upgrades
| Strength of the Wild | 3 | |
| Corrosive Breath | 1 | |
| Reinforced Hides | 3 | |
| Nature's Blessing | 1 | |
| Well Spring | 1 | |
9 total
» buildings
| Moon Well | 7 | |
| Altar of Elders | 1 | |
| Ancient of War | 1 | |
| Ancient of Wonders | 1 | |
| Tree of Ages | 1 | |
| Tree of Life | 7 | |
| Hunter's Hall | 1 | |
| Tree of Eternity | 1 | |
| Ancient of Lore | 1 | |
| Ancient of Wind | 2 | |
| Chimaera Roost | 3 | |
| Ancient Protector | 1 | |
27 total
» build order
00:38 Moon Well
00:58 Altar of Elders
01:33 Ancient of War
01:49 Moon Well
02:15 Ancient of Wonders
02:23 Moon Well
04:16 Tree of Ages
04:42 Tree of Life
05:00 Hunter's Hall
06:07 Tree of Life
07:49 Tree of Eternity
08:27 Ancient of Lore
08:30 Ancient of Wind
08:33 Ancient of Wind
08:38 Moon Well
09:16 Moon Well
09:53 Moon Well
10:12 Chimaera Roost
10:13 Chimaera Roost
10:14 Chimaera Roost
10:29 Tree of Life
10:45 Moon Well
12:03 Tree of Life
16:27 Tree of Life
25:16 Tree of Life
25:19 Ancient Protector
25:26 Tree of Life
» items
| Scroll of Town Portal | 5 | |
| Potion of Healing | 4 | |
| Potion of Mana | 2 | |
11 total

»
bolluxx (
orange | 79 APM | 3752 actions | 47:41)
4 Goblin Alchemist
2 Acid Bomb
2 Chemical Rage
4 Keeper of the Grove
2 Entangling Roots
2 Force of Nature
» actions
| Assign group hotkey | 74 | |
| Basic commands | 282 | |
| Build / train | 102 | |
| ESC pressed | 8 | |
| Enter build submenu | 27 | |
| Enter hero's abilities submenu | 8 | |
| Give item / drop item | 10 | |
| Right click | 2127 | |
| Select / deselect | 563 | |
| Select group hotkey | 384 | |
| Use ability | 161 | |
3752 total
» units
| Wisp | 23 | |
| Archer | 2 | |
| Dryad | 4 | |
| Druid of the Claw | 7 | |
| Mountain Giant | 2 | |
| Kobold Geomancer | 1 | |
| Forest Troll High Priest | 1 | |
| Faerie Dragon | 8 | |
| Footman | 2 | |
| Mortar Team | 1 | |
51 total
» upgrades
| Reinforced Hides | 3 | |
| Abolish Magic | 1 | |
| Druid of the Claw Training | 2 | |
| Mark of the Claw | 1 | |
| Strength of the Wild | 3 | |
| Hardened Skin | 1 | |
| Resistant Skin | 1 | |
| Well Spring | 1 | |
13 total
» buildings
| Altar of Elders | 2 | |
| Moon Well | 9 | |
| Ancient of War | 1 | |
| Tree of Ages | 2 | |
| Hunter's Hall | 1 | |
| Ancient of Wonders | 1 | |
| Ancient Protector | 2 | |
| Ancient of Lore | 2 | |
| Tree of Eternity | 1 | |
| Tree of Life | 2 | |
| Ancient of Wind | 1 | |
24 total
» build order
00:21 Altar of Elders
00:34 Moon Well
00:35 Moon Well
00:49 Ancient of War
01:59 Moon Well
02:52 Tree of Ages
02:52 Tree of Ages
03:16 Hunter's Hall
03:17 Ancient of Wonders
04:25 Moon Well
04:29 Ancient Protector
05:14 Ancient Protector
05:20 Ancient of Lore
05:21 Ancient of Lore
06:11 Tree of Eternity
08:45 Moon Well
10:42 Moon Well
11:53 Moon Well
12:37 Moon Well
23:46 Tree of Life
26:05 Ancient of Wind
30:03 Altar of Elders
30:37 Moon Well
31:27 Tree of Life
» items
| Lesser Clarity Potion | 2 | |
| Staff of Preservation | 1 | |
| Potion of Healing | 1 | |
| Orb of Venom | 4 | |
| Boots of Speed | 1 | |
| Scroll of Town Portal | 7 | |
| Staff of Teleportation | 1 | |
17 total
TIN1 (
pink | 54 APM | 1608 actions | 29:48)
4 Archmage
2 Blizzard
2 Brilliance Aura
» actions
| Assign group hotkey | 21 | |
| Basic commands | 27 | |
| Build / train | 79 | |
| Enter build submenu | 36 | |
| Enter hero's abilities submenu | 4 | |
| Right click | 601 | |
| Select / deselect | 387 | |
| Select group hotkey | 318 | |
| Use ability | 135 | |
1608 total
» units
| Peasant | 20 | |
| Rifleman | 6 | |
| Mortar Team | 15 | |
| Sorceress | 6 | |
47 total
» upgrades
| Gunpowder | 2 | |
| Sorceress Training | 1 | |
| Flare | 1 | |
| Magic Sentry | 1 | |
5 total
» buildings
| Altar of Kings | 2 | |
| Farm | 12 | |
| Barracks | 2 | |
| Blacksmith | 1 | |
| Arcane Vault | 1 | |
| Keep | 1 | |
| Workshop | 2 | |
| Arcane Sanctum | 2 | |
| Lumber Mill | 1 | |
| Town Hall | 3 | |
| Scout Tower | 5 | |
| Guard Tower | 2 | |
34 total
» build order
00:13 Altar of Kings
00:15 Farm
00:53 Farm
01:31 Barracks
01:35 Barracks
01:40 Blacksmith
02:13 Farm
02:20 Arcane Vault
03:03 Farm
03:43 Farm
03:44 Farm
04:32 Keep
04:38 Farm
05:59 Farm
07:05 Farm
07:10 Workshop
07:36 Workshop
07:40 Arcane Sanctum
07:48 Farm
07:59 Farm
08:04 Farm
08:12 Lumber Mill
16:00 Town Hall
16:09 Town Hall
21:45 Scout Tower
22:05 Scout Tower
22:17 Guard Tower
22:41 Scout Tower
24:48 Arcane Sanctum
27:18 Altar of Kings
28:01 Town Hall
28:03 Scout Tower
28:28 Guard Tower
28:30 Scout Tower
» items
| Scroll of Regeneration | 6 | |
| Scroll of Town Portal | 6 | |
| Potion of Healing | 2 | |
14 total
LastManStanding (
red | 91 APM | 4334 actions | 47:41)
6 Blood Mage
3 Flame Strike
2 Siphon Mana
1 Summon Phoenix
» actions
| Assign group hotkey | 45 | |
| Basic commands | 586 | |
| Build / train | 189 | |
| ESC pressed | 5 | |
| Enter build submenu | 66 | |
| Enter hero's abilities submenu | 6 | |
| Give item / drop item | 3 | |
| Right click | 1568 | |
| Select / deselect | 555 | |
| Select group hotkey | 1119 | |
| Use ability | 192 | |
4334 total
» units
| Peasant | 29 | |
| Footman | 13 | |
| Sorceress | 1 | |
| Gryphon Rider | 9 | |
| Dragonhawk Rider | 11 | |
63 total
» upgrades
| Swords | 3 | |
| Armor | 3 | |
| Masonry | 3 | |
| Defend | 1 | |
| Lumber Harvesting | 2 | |
| Sorceress Training | 2 | |
| Magic Sentry | 1 | |
| Animal War Training | 1 | |
| Storm Hammers | 1 | |
| Cloud | 1 | |
| Gunpowder | 3 | |
| Plating | 3 | |
| Priest Training | 2 | |
| Control Magic | 1 | |
| Backpack | 1 | |
| Long Rifles | 1 | |
29 total
» buildings
| Altar of Kings | 1 | |
| Barracks | 1 | |
| Farm | 12 | |
| Town Hall | 2 | |
| Arcane Vault | 1 | |
| Scout Tower | 33 | |
| Arcane Tower | 1 | |
| Blacksmith | 1 | |
| Lumber Mill | 1 | |
| Keep | 3 | |
| Guard Tower | 48 | |
| Arcane Sanctum | 1 | |
| Castle | 4 | |
| Gryphon Aviary | 7 | |
116 total
» build order
00:10 Altar of Kings
00:12 Barracks
00:15 Farm
00:47 Farm
01:32 Farm
03:48 Town Hall
03:55 Arcane Vault
05:03 Farm
05:29 Farm
05:36 Scout Tower
06:10 Arcane Tower
06:23 Blacksmith
06:45 Lumber Mill
07:10 Scout Tower
07:12 Scout Tower
07:14 Scout Tower
07:22 Keep
07:22 Keep
08:25 Guard Tower
08:25 Guard Tower
08:26 Scout Tower
08:28 Scout Tower
09:01 Guard Tower
09:01 Guard Tower
09:05 Scout Tower
09:08 Scout Tower
09:12 Scout Tower
10:08 Guard Tower
10:25 Arcane Sanctum
10:50 Scout Tower
10:55 Castle
10:55 Castle
11:15 Scout Tower
11:19 Scout Tower
11:23 Scout Tower
11:26 Guard Tower
11:44 Guard Tower
11:48 Guard Tower
11:54 Guard Tower
12:57 Gryphon Aviary
12:58 Gryphon Aviary
13:00 Gryphon Aviary
13:02 Gryphon Aviary
13:03 Gryphon Aviary
13:38 Scout Tower
13:39 Scout Tower
14:05 Scout Tower
14:07 Scout Tower
14:08 Scout Tower
14:10 Scout Tower
14:35 Guard Tower
14:35 Guard Tower
14:36 Guard Tower
14:37 Guard Tower
14:38 Guard Tower
14:38 Guard Tower
15:05 Guard Tower
15:38 Guard Tower
15:38 Guard Tower
15:38 Guard Tower
17:22 Gryphon Aviary
17:25 Gryphon Aviary
18:33 Town Hall
18:33 Scout Tower
18:36 Scout Tower
18:37 Scout Tower
18:39 Scout Tower
18:41 Scout Tower
18:43 Scout Tower
18:45 Scout Tower
18:47 Scout Tower
19:08 Guard Tower
19:08 Guard Tower
19:21 Farm
19:22 Farm
19:23 Farm
19:25 Farm
19:28 Farm
19:31 Farm
19:33 Farm
19:41 Guard Tower
19:41 Guard Tower
19:45 Scout Tower
20:14 Guard Tower
20:14 Guard Tower
20:25 Scout Tower
20:27 Scout Tower
20:31 Scout Tower
20:35 Scout Tower
20:36 Scout Tower
21:02 Guard Tower
21:02 Guard Tower
21:05 Guard Tower
21:05 Guard Tower
21:07 Guard Tower
21:08 Guard Tower
21:08 Guard Tower
» items
| Scroll of Regeneration | 6 | |
| Lesser Clarity Potion | 6 | |
| Boots of Speed | 1 | |
| Staff of Teleportation | 1 | |
| Potion of Invisibility | 2 | |
| Periapt of Vitality | 1 | |
| Scroll of Town Portal | 4 | |
| Potion of Healing | 3 | |
| Orb of Venom | 1 | |
| Anti-magic Potion | 1 | |
26 total
Chat log
(00:40 / All) EricClaptonGosu: pink you no hespect nothing
(01:03 / Allies) SyNr: i will chims hippos
(01:15 / Allies) bolluxx: dry bear
(03:41 / Allies) LastManStanding: you can stop leeching my xp faggot
(03:42 / Allies) LastManStanding: now I'm not lvl 2
(04:44 / Allies) LastManStanding: 100 wood
(04:48 / Allies) bolluxx: peon
(05:32 / Allies) bolluxx: they expo mid right
(06:04 / Allies) bolluxx: foots serker
(07:21 / All) EricClaptonGosu: lol
(09:08 / Allies) bolluxx: gold?
(11:41 / Allies) bolluxx: gold pls
(11:44 / Allies) bolluxx: 2400
(11:51 / Allies) SyNr: red gold us
(11:52 / Allies) SyNr: please
(11:57 / Allies) LastManStanding: I'm saving
(12:07 / Allies) LastManStanding: do I look like a bank to you? I don't do loans
(12:26 / Allies) bolluxx: u look like ur tkd
(16:42 / All) LastManStanding: fucking hero bug
(17:02 / All) LastManStanding: fucking hell
(17:09 / All) LastManStanding: you faggots shouldn't have left
(17:13 / All) LastManStanding: that bug is stupid as fuck
(18:38 / All) EricClaptonGosu: you're dead meat now niggger
(20:34 / Allies) SyNr: orange lets end this
(21:00 / Allies) LastManStanding: I'll give wood for gold
(21:31 / Allies) SyNr: omw
(21:43 / Allies) bolluxx: i have no detect
(21:59 / Allies) bolluxx: yay
(22:03 / Allies) bolluxx: tower
(22:08 / Allies) LastManStanding: hit those bases
(22:11 / Allies) LastManStanding: teal sucks he is no threat
(23:31 / Allies) bolluxx: wha
(23:41 / Allies) bolluxx: oh hes gay
(24:23 / Allies) SyNr: why again red?
(24:30 / All) LastManStanding: "again"?
(24:39 / All) LastManStanding: Only have played you once bro
(24:53 / All) bolluxx: Oh no, he talkin bout bros
(26:04 / Allies) TIN1: ....
(26:09 / Allies) TIN1: ??
(26:19 / All) EricClaptonGosu: UH OH PINK
(26:26 / All) EricClaptonGosu: bad decision, nigger!
(27:01 / All) bolluxx: DANCE
(28:05 / All) EricClaptonGosu: your items are shit you';re just littering at this point
(28:29 / All) bolluxx: u need 2nd hero
(28:36 / All) EricClaptonGosu: Nah I really don't
(28:41 / All) LastManStanding: orange making bears lol
(28:42 / All) bolluxx: if ur going to kill red
(28:48 / All) EricClaptonGosu: don't need to
(28:59 / All) EricClaptonGosu: he'll kill his own things
(29:09 / All) bolluxx: no
(29:13 / All) bolluxx: I feed u his things
(29:17 / All) LastManStanding: This team gets the loss
(29:23 / All) LastManStanding: I will kill my own stuff once you are all dead
(29:41 / Allies) TIN1: .....
(30:00 / All) SyNr: red has been tking all of us
(30:06 / All) EricClaptonGosu: You don't say
(30:21 / All) LastManStanding: Now you can leave, orange
(31:56 / All) LastManStanding: faerie dragons lol
(32:00 / All) LastManStanding: that will work for you I'm sure
(32:09 / All) bolluxx: immune 2 u
(32:13 / All) bolluxx: exp for them
(32:16 / All) EricClaptonGosu: 50-72 +35, 48 agil plus 5
(32:21 / All) LastManStanding: they're immune to dhawks right?
(32:24 / All) LastManStanding: whatever you say!
(32:33 / All) bolluxx: immune to shackle
(32:39 / All) LastManStanding: shackle doesn't work on allies lol
(33:20 / All) LastManStanding: nice try
(33:32 / All) LastManStanding: run into the heroes lol
(34:04 / All) LastManStanding: uprooting trees lol
(34:09 / All) LastManStanding: do you really believe you have any chance at all?
(34:22 / All) LastManStanding: You are about to be 9-4
(35:06 / All) bolluxx: how dare you expose the best record ive ever had
(35:15 / All) bolluxx: embarassing mE!
(35:25 / All) LastManStanding: I will upload the replay to http://highper.ch
(35:28 / All) LastManStanding: your family name is embarassed
(35:32 / All) LastManStanding: time to start a new account!
(35:39 / All) bolluxx: damnit
(35:49 / All) LastManStanding: Gonna show the replay to all of my friends too
(35:54 / All) EricClaptonGosu: I'm 57 exp points from level 10
(36:14 / All) bolluxx: lol the fact that u have friends to show wc3 replays to
(36:14 / All) LastManStanding: pink mortar at bot mid expo for whatever reason
(36:23 / All) LastManStanding: Yeah people such as teal
(37:04 / All) EricClaptonGosu: This is a badass BM
(37:17 / All) bolluxx: meetinfront of ur base
(37:20 / All) bolluxx: FOR EXP
(37:22 / All) EricClaptonGosu: I had a BM earlier today that could pick off high level heroes and leave the scene while being focused
(37:25 / All) EricClaptonGosu: pretty much unkillable
(37:32 / All) EricClaptonGosu: I'm already level 10
(37:47 / All) EricClaptonGosu: check out "a for effort"
(37:54 / All) EricClaptonGosu: My BM was pretty much unkillable
(38:02 / All) EricClaptonGosu: could survive UD nukes and wyrm focus
(38:24 / All) EricClaptonGosu: basically it was like Neo in the Matrix dodging bullets, or somethign where the bullets bounce off
(38:29 / All) EricClaptonGosu: Terminator
(38:42 / All) LastManStanding: I'll watch it tomorrow
(38:46 / All) EricClaptonGosu: My BM was the terminator
(38:51 / All) LastManStanding: too late tonight for me to get all the details
(39:11 / All) bolluxx: yeah, better take the night off from porn and microwave dinner
(39:21 / All) bolluxx: u got a big day of sitting on ur ass tomorrow
(39:31 / All) LastManStanding: Yes I do
(39:32 / All) LastManStanding: it's sunday
(39:39 / All) EricClaptonGosu: I have a feeling orange is self-projecting
(39:47 / All) bolluxx: doesnt even know the day of the fucking week
(39:53 / All) bolluxx: its sat
(39:56 / All) LastManStanding: You said tomorrow
(40:11 / All) LastManStanding: är du agr bror
(40:25 / All) bolluxx: im so angry bro, listen to me!
(40:26 / All) EricClaptonGosu: see how long it takes for your air to kill my hero
(40:34 / All) LastManStanding: You seem angry
(40:41 / All) EricClaptonGosu: it's not as resilient as my BM earlier tho
(40:51 / All) EricClaptonGosu: had crown of kings and +5 ring
(40:56 / All) EricClaptonGosu: oh
(41:16 / All) EricClaptonGosu: yeah not as tough as the other BM
(41:19 / All) EricClaptonGosu: but does more damage
(41:55 / All) LastManStanding: Orange are you here?
(41:57 / All) EricClaptonGosu: already basically fullhealth
(41:59 / All) EricClaptonGosu: from 50 hps
(42:04 / All) LastManStanding: Pedicabo ego vos et tu irrumabo!
(42:10 / All) EricClaptonGosu: bm sop imba on this map
(42:19 / All) LastManStanding: I already have though, so that insult is a little pointless
(42:57 / All) LastManStanding: How are you today, orange? I'm feeling great
(43:39 / All) EricClaptonGosu: let's battle
(44:14 / All) EricClaptonGosu: let's see if my BM can do some damage to your army
(44:20 / All) LastManStanding: Orange are you still here?
(44:23 / All) EricClaptonGosu: go to your arcane
(44:26 / All) LastManStanding: sunt tu væcor?
(44:49 / All) LastManStanding: Do you want me to attack or not?
(44:50 / All) EricClaptonGosu: attack back
(45:04 / All) EricClaptonGosu: lawl
(45:07 / All) EricClaptonGosu: how you know which was real
(45:15 / All) LastManStanding: Critical strike
(45:19 / All) EricClaptonGosu: ih
(45:21 / All) EricClaptonGosu: oh
(45:30 / All) LastManStanding: the mirrors appear to crit but do no damage
(45:37 / All) LastManStanding: you can tell easily if watching closely as I'm sure you know
(45:53 / All) EricClaptonGosu: I just watch to see which one does any damage
(45:55 / All) LastManStanding: Any last words, orange?
(45:58 / All) EricClaptonGosu: but that's better
(46:10 / All) LastManStanding: critical strikes are more noticeable
(46:13 / All) EricClaptonGosu: yeah
(46:22 / All) EricClaptonGosu: if the attacks are almost in sync it's hard to tell
(46:33 / All) LastManStanding: it's kind of stupid how 1 hero can do 400 damage, there should be a cap on critical strike at 200 or something
(47:00 / All) EricClaptonGosu: it's really funny to get a few of them close together
(47:09 / All) EricClaptonGosu: on a hero
(47:13 / All) LastManStanding: Getting multiple 400+ crits in a row is ridiculous
(47:18 / All) LastManStanding: I've seen it happen in a couple of our games